Map: Terminal Paladino LE

Players

defn - Winner!

  • Race: Protoss Protoss
  • League: Platinum
  • Spawn Location: 5:00

efelinto

  • Race: Protoss Protoss
  • League: Diamond
  • Spawn Location: 9:00

VOD

Have the link to the VOD?

Description

Time

  • Played on: April 23, 2017, 11:59 a.m.
  • Length: 7:17
Show
View Real Time Build Order
Export as new Build Order

defn Protoss - Winner!

Build Orders:  

Get SALT Encoding   

  12  0:02  Probe (Chrono Boost)  
  13  0:13  Probe (Chrono Boost)  
  14  0:20  Pylon  
  14  0:29  Probe (Chrono Boost)  
  15  0:39  Gateway  
  15  0:42  Assimilator  
  15  0:50  Assimilator  
  15  0:52  Probe (Chrono Boost)  
  16  1:07  Gateway  
  16  1:12  Probe (Chrono Boost)  
  17  1:23  Probe (Chrono Boost)  
  18  1:29  Cybernetics Core  
  18  1:33  Probe (Chrono Boost)  
  19  1:43  Pylon  
  19  1:44  Probe (Chrono Boost)  
  20  1:54  Probe (Chrono Boost)  
  20  1:58  Warp Gate  
  21  2:05  Probe (Chrono Boost)  
  22  2:09  Stalker x2  
  26  2:28  Mothership Core (Chrono Boost)  
  28  2:30  Pylon  
  28  2:48  Probe (Chrono Boost)  
  29  2:55  Stalker  
  31  3:10  Nexus  
  31  3:12  Pylon  
  31  3:25  Probe (Chrono Boost)  
  32  3:30  Robotics Facility  
  32  3:37  Probe (Chrono Boost)  
  33  3:44  Gateway  
  34  3:48  Probe (Chrono Boost)  
  34  3:59  Probe (Chrono Boost)  
  35  4:08  Gateway  
  35  4:09  Probe (Chrono Boost)  
  36  4:11  Stalker  
  38  4:20  Observer, Probe (Chrono Boost)  
  40  4:27  Pylon  
  40  4:30  Probe (Chrono Boost)  
  41  4:32  Probe (Chrono Boost)  
  42  4:39  Stalker  
  42  4:40  Stalker  
  42  4:41  Probe (Chrono Boost)  
  42  4:43  Probe (Chrono Boost)  
  48  4:58  Probe x2 (Chrono Boost)  
  50  5:06  Observer  
  51  5:08  Probe (Chrono Boost)  
  51  5:09  Probe (Chrono Boost)  
  53  5:19  Probe x2 (Chrono Boost)  
  55  5:37  Pylon  
  55  5:40  Observer  
  56  5:46  Stalker x2  
  60  5:55  Forge  
  60  5:59  Assimilator  
  60  6:00  Assimilator  
  60  6:09  Immortal  
  60  6:10  Stalker  
  60  6:11  Stalker x3  
  72  6:22  Nexus  
  72  6:24  Pylon  
  36  7:04  Stalker x4  
Show
View Real Time Build Order
Export as new Build Order

efelinto Protoss 

Build Orders:  

Get SALT Encoding   

  12  0:00  Probe (Chrono Boost)  
  13  0:11  Probe (Chrono Boost)  
  14  0:21  Pylon  
  14  0:23  Probe (Chrono Boost)  
  15  0:39  Probe (Chrono Boost)  
  16  0:43  Gateway  
  17  0:50  Probe (Chrono Boost)  
  17  0:57  Assimilator  
  17  1:00  Probe (Chrono Boost)  
  18  1:11  Probe (Chrono Boost)  
  19  1:21  Probe (Chrono Boost)  
  20  1:31  Cybernetics Core  
  20  1:45  Nexus  
  20  1:51  Assimilator  
  20  1:53  Warp Gate  
  20  2:05  Gateway  
  20  2:14  Probe (Chrono Boost)  
  21  2:26  Probe (Chrono Boost)  
  23  2:38  Probe (Chrono Boost), Pylon  
  23  2:51  Gateway  
  23  2:52  Gateway  
  23  2:56  Pylon  
  22  3:05  Probe (Chrono Boost)  
  24  3:06  Probe (Chrono Boost)  
  24  3:15  Probe (Chrono Boost)  
  24  3:18  Probe (Chrono Boost)  
  26  3:21  Twilight Council  
  26  3:30  Probe (Chrono Boost)  
  26  3:33  Mothership Core (Chrono Boost)  
  30  3:41  Probe (Chrono Boost)  
  30  3:52  Probe x2 (Chrono Boost)  
  32  4:02  Dark Shrine  
  32  4:03  Probe (Chrono Boost)  
  32  4:05  Probe (Chrono Boost)  
  34  4:10  Assimilator  
  34  4:12  Assimilator  
  34  4:13  Probe (Chrono Boost), Stalker  
  37  4:25  Probe (Chrono Boost)  
  37  4:26  Probe (Chrono Boost)  
  37  4:27  Stalker  
  42  4:39  Probe (Chrono Boost)  
  42  4:40  Probe (Chrono Boost)  
  42  4:42  Pylon  
  43  4:46  Stalker  
  43  4:47  Zealot  
  43  4:50  Probe (Chrono Boost)  
  43  4:52  Probe (Chrono Boost)  
  49  5:02  Zealot  
  49  5:03  Zealot  
  49  5:04  Probe (Chrono Boost)  
  54  5:09  Pylon  
  54  5:11  Pylon  
  54  5:14  Pylon  
  54  5:15  Pylon  
  54  5:28  Dark Templar  
  54  5:29  Dark Templar  
  54  5:33  Dark Templar  
  60  5:36  Dark Templar  
  62  5:55  Probe x2 (Chrono Boost)  
  64  6:01  Dark Templar  
  64  6:02  Dark Templar x2  
  70  6:06  Probe (Chrono Boost)  
  70  6:08  Probe (Chrono Boost)  
  73  6:20  Probe (Chrono Boost)  
  71  6:33  Stalker  
  71  6:34  Stalker  
  55  7:12  Zealot  
  55  7:13  Zealot x3  
Tags
 
Add a new tag
Caveats
  • Supply blocks, unpowered buildings, or Contaminate may cause inaccurate times.
  • Supply counts are checked every 10 seconds.